 Dungeon Crawl Stone Soup version 0.29.1-15-g9cfb28693d (webtiles) character file.

Game seed: 7257445631599626795

48 Eitelfritz the Shield-Bearer (level 3, -2/36 HPs)
             Began as a Troll Fighter on Mar 25, 2023.
             Killed from afar by an orc wizard (8 damage)
             ... with a puff of flame
             ... on level 3 of the Dungeon.
             The game lasted 00:01:33 (950 turns).

Eitelfritz the Shield-Bearer (Troll Fighter)         Turns: 950, Time: 00:01:33

Health: -2/36      AC:  4    Str: 24    XL:     3   Next: 50%
Magic:  2/2        EV:  8    Int:  6    God:
Gold:   90         SH:  7    Dex:  9    Spells: 2/2 levels left

rFire   . . .      SeeInvis .     - Unarmed
rCold   . . .      Faith    .   b - +0 kite shield
rNeg    . . .      Spirit   .   a - +0 robe
rPois   .          Reflect  .   (helmet restricted)
rElec   .          Harm     .   (no cloak)
rCorr   .          Rampage  .   (gloves unavailable)
Will    .....                   (boots unavailable)
Stlth   +.........              (no amulet)
HPRegen 0.92/turn               (no ring)
MPRegen 0.08/turn               (no ring)

@: no status effects
A: large, unfitting armour, claws 3, regeneration 1, shaggy fur 1, tough skin 1
a: no special abilities


You were on level 3 of the Dungeon.
You visited 1 branch of the dungeon, and saw 3 of its levels.

You collected 90 gold pieces.

Inventory:

Armour
 a - a +0 robe (worn)
 b - a +0 kite shield (worn)
Scrolls
 d - a scroll of noise {unknown}
 e - 2 scrolls of teleportation {unknown}
 f - 2 scrolls of vulnerability {unknown}
 h - a scroll of summoning {unknown}
 k - a scroll of magic mapping {unknown}
Potions
 c - 2 potions of might
 g - 2 potions of curing {unknown}
 i - a potion of mutation {unknown}
 j - a potion of haste {unknown}


   Skills:
 + Level 2.6 Fighting
 + Level 3.0 Dodging
 + Level 3.1 Shields
 + Level 2.4 Unarmed Combat


You had 2 spell levels left.
You didn't know any spells.
Your spell library contained the following spells:

 Spells                   Type           Power      Damage    Failure   Level
 Ignite Poison            Fire/Tmut/Pois 0%         N/A       98%         3
 Mephitic Cloud           Conj/Pois/Air  0%         N/A       98%         3
 Freezing Cloud           Conj/Ice/Air   0%         6-21      100%        5


Dungeon Overview and Level Annotations

Branches:
Dungeon (3/15)

Altars:

Annotations:
D:2 Sigmund


Innate Abilities, Weirdness & Mutations

You are too large for most types of armour.
You have claws for hands.
Your natural rate of healing is unusually fast.
You are covered in fur. (AC +1)
You have tough skin. (AC +1)


Message History

You kill the goblin!
Things that are here:
a +0 club; a goblin corpse You now have 90 gold pieces (gained 6).
You see here a +0 club.
You see here a +0 club.
An orc comes into view. It is wielding a +0 flail.
The orc shouts!
An orc is nearby!
An orc wizard comes into view. It is wielding a +0 dagger.
The orc wizard shouts!
You hear a shout!
An orc wizard comes into view. It is wielding a +0 dagger.
The orc barely misses you.
The orc wizard mumbles some strange words.
The orc wizard flickers and vanishes!
Deactivating autopickup; reactivate with Ctrl-A.
You closely miss the orc.
A bat comes into view.
The orc closely misses you.
An orc comes into view. It is wielding a +0 trident.
You miss something. The bat hits you but does no damage.
You hear some strange, mumbled words.
A puff of flame appears from out of thin air!
The puff of flame hits you! The orc closely misses you.
You miss something. You block the orc's attack. Something hits you.
You block the orc wizard's attack.
You claw something! Something hits you.
The orc wizard hits you but does no damage.
You block the orc's attack.
You closely miss something.
You hear some strange, mumbled words.
A puff of flame appears from out of thin air!
The puff of flame hits you! The orc barely misses you.
You block the orc wizard's attack. The orc barely misses you.
You closely miss something. The orc hits you with a +0 flail.
* * * LOW HITPOINT WARNING * * *
You hear some strange, mumbled words.
A puff of flame appears from out of thin air!
The puff of flame hits you!
You die...

# ... .# #.###.###.#
##.#.......#
##...>......#
###.#.#)......#
#......).......
#.#.#.#.......#
#..#######.##..........#
#....b{@...###.#...[...#
#....oo.o............##.
##.###########.......###
#######)# # #.### #....
#.... #####


You could see an orc wizard, 2 orcs and a bat.

Vanquished Creatures
  An adder (D:3)
  An orc (D:3)
  A ball python (D:1)
  2 bats (D:1)
  5 endoplasms
  A giant cockroach (D:1)
  7 goblins
  4 hobgoblins
  2 jackals (D:1)
  4 kobolds
  A quokka (D:1)
  A frilled lizard (D:1)
  A rat (D:1)
31 creatures vanquished.

Vanquished Creatures (others)
  2 plants (D:3)
2 creatures vanquished.

Grand Total: 33 creatures vanquished

Notes
Turn   | Place    | Note
-------+----------+-------------------------------------------
     0 | D:1      | Eitelfritz the Troll Fighter began the quest for the Orb.
     0 | D:1      | Reached XP level 1. HP: 22/22 MP: 0/0
    46 | D:1      | Reached XP level 2. HP: 25/29 MP: 1/1
   626 | D:2      | Found a faded altar of an unknown god.
   667 | D:2      | Reached XP level 3. HP: 36/36 MP: 2/2
   696 | D:2      | Noticed Sigmund
   950 | D:3      | Killed from afar by an orc wizard

Illustrated notes

Levels and vault maps discovered:
D:1:      heliophobic_arrival_enchanted_forest, layout_basic,
          nrook_mini_backslash
D:2:      layout_loops_cross, chequers_ecumenical_altar_simple_redux,
          uniq_sigmund
D:3:      cheibrodos_old_hovel, layout_loops_ring, wad_woods_river_04

Skill      XL: |  1  2  3 |
---------------+----------+-----
Shields        | 3 |  3.1
Dodging        | 3 |  3.0
Fighting       | |  2.6
Unarmed Combat | |  2.4

Action                   || total
-------------------------++-------
Melee: Unarmed           ||    94
Armor: Robe              ||    58
Dodge: Dodged            ||    54
Block: Kite shield       ||    57
